 Dungeon Crawl Stone Soup version 0.30-b1-2-g02819fbbbe (webtiles) character file.

Game seed: 9106496526486156190

7445 TittyCrusher the Black Belt (level 11, -3/70 (75) HPs)
             Began as a Formicid Monk on May 3, 2023.
             Was a Priest of Cheibriados.
             Slain by a catoblepas (5 damage)
             ... on level 13 of the Dungeon.
             The game lasted 00:19:10 (8747 turns).

TittyCrusher the Black Belt (Formicid Monk)         Turns: 8747, Time: 00:19:11

HP:   -3/70 (75)    AC: 12    Str: 27 (28) XL:     11   Next: 37%
MP:   17/17         EV:  6    Int: 18      God:    Cheibriados [***...]
Gold: 445           SH:  0    Dex: 29 (30) Spells: 10/10 levels left

rFire   . .          .
                       - Unarmed
rCold   . . .        (no shield)
rNeg    . . .        I - +2 scale mail of Jaweine {+Blink Dex+3}
rPois   .            (helmet unavailable)
rElec   .            u - +0 cloak
rCorr   +            K - +1 pair of gloves
SInv    +            d - +0 pair of boots
Will    +....        (no amulet) Stlth
                     i - +6 ring of strength
HPRegen 0.31/turn    t - ring of resist corrosion
MPRegen 0.15/turn

%: clarity
@: silenced, petrifying, drained, very slow
A: permanent stasis, dig shafts and tunnels, antennae 3, four strong arms,
clarity, deterioration 1, noise suppression
a: Dig, Shaft Self, Renounce Religion


You were on level 13 of the Dungeon.
You worshipped Cheibriados.
Cheibriados was most pleased with you.
You visited 2 branches of the dungeon, and saw 12 of its levels.

You collected 445 gold pieces.

Inventory:

Hand Weapons
 b - a +2 sling
Missiles
 g - 61 stones
 v - 10 poisoned darts
Armour
 c - an orb of light
 d - a +0 pair of boots (worn)
 n - a +0 ring mail
 p - a +0 leather armour of poison resistance
 u - a +0 cloak (worn)
 x - an orb of guile
 B - a scarf of invisibility
 F - +0 acid dragon scales
 I - the +2 scale mail of Jaweine (worn) {+Blink Dex+3}
   (You found it on level 9 of the Dungeon)

   Dex:       It affects your dexterity (+3).
   +Blink:    It lets you blink.
 K - a +1 pair of gloves (worn)
Jewellery
 i - a +6 ring of strength (left hand)
 t - a ring of resist corrosion (right hand)
Wands
 l - a wand of roots (6)
 C - a wand of digging (8)
 G - a wand of paralysis (4)
 H - a wand of flame (22)
Scrolls
 e - a scroll of amnesia
 m - 3 scrolls of poison
 q - a scroll of blinking {unknown}
 r - 3 scrolls of vulnerability
 y - a scroll of summoning {unknown}
 J - a scroll of enchant armour {unknown}
Potions
 h - 2 potions of brilliance
 w - a potion of mutation
 z - a potion of resistance
 A - 3 potions of degeneration


   Skills:
 - Level 3.2 Fighting
 - Level 2.6 Dodging
 - Level 15.4 Unarmed Combat
 + Level 8.1 Invocations


You had 10 spell levels left.
You didn't know any spells.
Your spell library contained the following spells:

 Spells                   Type           Power      Damage    Failure   Level
 Freeze                   Ice            0%         1d3       45%         1
 Frozen Ramparts          Ice            0%         1d1       83%         3
 Hailstorm                Conj/Ice       0%         3d3       83%         3


Dungeon Overview and Level Annotations

Branches:
Dungeon (11/15)            Temple (1/1) D:6
   Lair: D:8-11         Orc: D:9-12

Altars:
Cheibriados
Elyvilon
Hepliaklqana
Makhleb
Nemelex Xobeh
Trog
Xom
Yredelemnul
The Shining One

Shops:
D:8 (

Annotations:
D:3 2 transporters, Huckebein's ghost, amateur GrFi
D:9 1 runed translucent door, Kelyas's ghost, novice DsCj


Innate Abilities, Weirdness & Mutations

You cannot be hasted, slowed, berserked, paralysed or teleported.
You can dig through walls and to a lower floor.
You have a pair of large antennae on your head. (SInv)
Your four strong arms can wield two-handed weapons with a shield.
You possess an exceptional clarity of mind.
Your body sometimes deteriorates upon taking damage.
You passively dampen the noise of your surroundings.


Message History

It was a scroll of noise.
The catoblepas barely misses you.
As you read the scroll labelled XISOOGGURPH, it crumbles to dust.
A profound silence engulfs you.
It was a scroll of silence.
The catoblepas gores you!
Magic scrolls do not work when you're silenced!
Unknown command.
You retract your mandibles.
You punch the catoblepas!
The catoblepas is lightly wounded.
The catoblepas gores you!
You hit the catoblepas but do no damage.
The catoblepas is lightly wounded.
You hit the catoblepas but do no damage.
Your punch misses the catoblepas.
The catoblepas is lightly wounded.
The catoblepas gores you.
You pummel the catoblepas!!
The catoblepas is heavily wounded.
The catoblepas gores you!
You punch the catoblepas!
The catoblepas is severely wounded.
The catoblepas gores you!!
* * * LOW HITPOINT WARNING * * *
You punch the catoblepas!
The catoblepas is almost dead.
You feel better.
The catoblepas breathes a plume of calcifying dust at you.
The blast of calcifying dust hits you.
* * * LOW HITPOINT WARNING * * *
You feel better.
You are engulfed in calcifying dust.
The catoblepas gores you but does no damage.
You barely miss the catoblepas.
The catoblepas is almost dead.
You are engulfed in calcifying dust.
The catoblepas gores you!
* * * LOW HITPOINT WARNING * * *
You hit the catoblepas.
The catoblepas is almost dead.
You are engulfed in calcifying dust.
You are slowing down.
The catoblepas gores you!
You die...

#.#
#.#
#.#
#.#
#.#
#.#
#.##
#.Y##
#.#@#
#.###{
#Y#
#..
#..
....
....
.....


You could see a catoblepas (unsilenced).

Vanquished Creatures
  A centaur warrior (D:9)
  A troll (D:9)
  3 hornets (D:9)
  A slime creature (D:9)
  Sigmund (D:3)
  A wraith (D:9)
  9 yaks
  A wyvern (D:9)
  Eustachio (D:6)
  A basilisk (D:9)
  A steam dragon (D:6)
  3 acid dragons
  A water moccasin (D:5)
  Duvessa (D:6)
  A black bear (D:3)
  An ice beast (D:5)
  3 sky beasts
  2 orc warriors
  A centaur (D:9)
  4 ogres
  4 phantoms
  3 kobold brigands
  4 bullfrogs
  3 wights (D:8)
  Dowan (D:6)
  2 killer bees (D:9)
  5 howler monkeys
  An electric eel (D:9)
  8 hounds
  A jelly (D:6)
  Crazy Yiuf (D:3)
  7 orc priests
  2 iguanas
  5 orc wizards
  7 adders
  A shadow imp (D:5)
  A white imp (D:6)
  An ufetubus (D:4)
  A worm (D:5)
  A dart slug (D:2)
  27 orcs
  7 bats
  2 endoplasms
  3 giant cockroaches
  5 goblins
  4 hobgoblins
  16 kobolds
  7 quokkas
  3 ball pythons
  A frilled lizard (D:2)
  4 rats
  A spectral hobgoblin (D:3)
177 creatures vanquished.

Vanquished Creatures (others)
  2 withered plants (D:9)
2 creatures vanquished.

Grand Total: 179 creatures vanquished

Notes
Turn   | Place    | Note
-------+----------+-------------------------------------------
     0 | D:1      | TittyCrusher the Formicid Monk began the quest for the Orb.
     0 | D:1      | Reached XP level 1. HP: 18/18 MP: 1/1
    52 | D:1      | Reached XP level 2. HP: 24/24 MP: 2/2
   527 | D:2      | Identified the +1 leather armour of Durymn {Int-5 Slay+5
                  | Stlth+}
   580 | D:2      | Reached skill level 4 in Unarmed Combat
   580 | D:2      | Reached XP level 3. HP: 29/29 MP: 3/3
   826 | D:2      | Found Miur's Assorted Antiques.
  1185 | D:2      | Reached XP level 4. HP: 35/35 MP: 4/4
  1402 | D:3      | Noticed Sigmund
  1412 | D:3      | Killed Sigmund
  1413 | D:3      | Reached skill level 6 in Unarmed Combat
  1413 | D:3      | Reached XP level 5. HP: 30/41 MP: 5/5
  1413 | D:3      | Reached XP level 6. HP: 34/47 MP: 6/6
  1555 | D:3      | Found a faded altar of an unknown god.
  1830 | D:3      | Noticed Huckebein's ghost (amateur GrFi)
  1861 | D:3      | Noticed a black bear
  1868 | D:3      | Killed a black bear
  1869 | D:3      | Reached skill level 7 in Unarmed Combat
  1888 | D:3      | Found a transporter.
  1910 | D:3      | Found a transporter.
  2200 | D:3      | Found a runed translucent door.
  2201 | D:3      | Noticed Crazy Yiuf
  2207 | D:3      | Killed Crazy Yiuf
  2309 | D:3      | Reached XP level 7. HP: 47/52 MP: 7/7
  2392 | D:4      | Reached skill level 8 in Unarmed Combat
  2732 | D:4      | Gained mutation: Your body sometimes deteriorates upon
                  | taking damage. [potion of mutation]
  2732 | D:4      | Gained mutation: You passively dampen the noise of your
                  | surroundings. [potion of mutation]
  2732 | D:4      | Gained mutation: You possess an exceptional clarity of
                  | mind. [potion of mutation]
  2789 | D:5      | Entered Level 5 of the Dungeon
  2832 | D:5      | Reached skill level 9 in Unarmed Combat
  2832 | D:5      | Reached XP level 8. HP: 53/58 MP: 8/8
  2879 | D:5      | Found a white marble altar of Elyvilon.
  3067 | D:5      | You fall into a shaft and drop 1 floor!
  3252 | D:6      | Reached skill level 10 in Unarmed Combat
  3344 | D:6      | Noticed Eustachio
  3364 | D:6      | Killed Eustachio
  3443 | D:6      | Noticed Duvessa
  3444 | D:6      | Reached XP level 9. HP: 34/64 MP: 9/9
  3456 | D:6      | Killed Duvessa
  3457 | D:6      | Reached skill level 11 in Unarmed Combat
  3459 | D:6      | Noticed Dowan
  3468 | D:6      | Killed Dowan
  3938 | D:5      | Reached skill level 12 in Unarmed Combat
  4254 | D:6      | Found a staircase to the Ecumenical Temple.
  4263 | Temple   | Entered the Ecumenical Temple
  4302 | Temple   | Became a worshipper of Cheibriados the Contemplative
  4302 | Temple   | Reached * piety under Cheibriados
  4302 | Temple   | Reached ** piety under Cheibriados
  4410 | D:6      | Reached skill level 13 in Unarmed Combat
  4416 | D:6      | Reached XP level 10. HP: 46/70 MP: 10/10
  5673 | D:7      | Reached skill level 14 in Unarmed Combat
  6390 | D:8      | Reached *** piety under Cheibriados
  6576 | D:8      | Found Modac's Weapon Shoppe.
  7278 | D:9      | Reached skill level 15 in Unarmed Combat
  7301 | D:9      | Identified the +2 scale mail of Jaweine {+Blink Dex+3}
  7558 | D:9      | Reached **** piety under Cheibriados
  7623 | D:9      | Found a runed translucent door.
  7624 | D:9      | Noticed Kelyas's ghost (novice DsCj)
  7784 | D:9      | Reached XP level 11. HP: 75/75 MP: 5/12
  7908 | D:9      | Noticed a centaur warrior
  7917 | D:9      | Killed a centaur warrior
  7918 | D:9      | Reached skill level 5 in Invocations
  8460 | D:9      | Noticed a red ugly thing
  8460 | D:9      | Noticed a boulder beetle
  8473 | D:9      | You fall into a shaft and drop 2 floors!
  8728 | D:11     | You fall into a shaft and drop 2 floors!
  8730 | D:13     | Noticed a catoblepas
  8742 | D:13     | HP: 3/70 [catoblepas (23)]
  8747 | D:13     | Slain by a catoblepas

Illustrated notes

Levels and vault maps discovered:
D:1:      lightli_arrival_statuegarden, layout_rooms
D:2:      layout_loops_corners, serial_shops, nicolae_shop_hallway_plus,
          serial_park_tiny_2
D:3:      layout_loops_ring, dreamdust_ecumenical_altar_drowned_temple,
          gammafunk_ghost_arena, kennysheep_generic_room_4,
          uniq_crazy_yiuf_cottage, uniq_sigmund
D:4:      layout_rooms, kennysheep_generic_room_9
D:5:      layout_cave_pools, mainiacjoe_overflow_paths
D:6:      layout_cave_pools, minmay_temple_entry_poolview, minmay_holes,
          uniq_duvessa, uniq_eustachio
D:7:      layout_basic, minivault_19, amcnicky_mini_corridor_feature,
          eino_curves_01
D:8:      layout_basic, serial_shops, nicolae_shop_back_alley_shop
D:9:      nzn_winding_woodlands_large [nzn_winding_woodlands_5x5_checkerboard,
          nzn_winding_woodlands_5x15_river_crossing,
          nzn_winding_woodlands_5x5_default, nzn_winding_woodlands_center_lodge,
          nzn_winding_woodlands_15x15_boxy_spiral,
          nzn_winding_woodlands_center_triple_pond,
          nzn_winding_woodlands_5x5_open_star,
          nzn_winding_woodlands_5x15_split_checker,
          nzn_winding_woodlands_5x5_cross], layout_basic,
          minmay_orc_entry_guard_dogs, gammafunk_ghost_grave,
          nicolae_two_hexagons, minmay_chambers_of_fives
D:11:     layout_layer_cave, due_lair_maze_entry_diamond, serial_shops,
          nicolae_shop_rolling_square, portal_ice_cave_entry_imps
D:13:     layout_basic, uniq_maurice
Temple:   minmay_crystal_snake_temple

Skill      XL: |  1  2  3  4  5  6  7  8  9 10 11 |
---------------+----------------------------------+-----
Unarmed Combat | 4 6 7 9 10 13 15 | 15.4
Invocations    | 2 8 |  8.1
Fighting       | |  3.2
Dodging        | |  2.6

Action                     |  1- 3 |  4- 6 |  7- 9 | 10-12 || total
---------------------------+-------+-------+-------+-------++-------
  Melee: Unarmed           |    73 |    69 |   194 |   253 ||   589
         Punch             |       |       |     2 |    20 ||    22
   Fire: Sling             |       |       |       |    22 ||    22
 Invoke: Slouch            |       |       |       |     2 ||     2
         Bend Time         |       |       |       |     2 ||     2
Ability: Shaft Self        |       |       |     1 |     1 ||     2
         Dig               |       |       |     2 |     7 ||     9
  Evoke: Wand              |       |       |     2 |       ||     2
    Use: Scroll            |     5 |     1 |     6 |     4 ||    16
         Potion            |       |     3 |     7 |    11 ||    21
   Stab: Invisible         |       |       |     5 |     1 ||     6
 Armour: Robe              |     9 |       |       |       ||     9
         Ring mail         |     9 |    25 |    29 |       ||    63
         Skin              |       |       |     2 |       ||     2
         Leather armour    |       |       |    10 |    18 ||    28
         Scale mail        |       |       |       |    23 ||    23
         Acid dragon scale |       |       |       |     4 ||     4
  Dodge: Dodged            |    46 |    30 |    88 |    88 ||   252
